 Dungeon Crawl Stone Soup version 0.31-a0-564-g3b7de120b3 (webtiles) character file.

Game seed: 7156999245580719485

1794 NinjaNoafa the Mimic (level 9, -45/71 HPs)
             Began as a Naga Shapeshifter on Aug 17, 2023.
             Was a Follower of Hepliaklqana.
             Annihilated by a very large slime creature (46 damage)
             ... on level 7 of the Dungeon.
             The game lasted 00:19:11 (6472 turns).

NinjaNoafa the Mimic (Naga Shapeshifter)            Turns: 6472, Time: 00:19:12

Health: -45/71     AC: 11    Str: 22    XL:     9   Next: 9%
Magic:  9/9        EV:  8    Int:  8    God:    Hepliaklqana [*.....]
Gold:   423        SH:  0    Dex: 12    Spells: 8/8 levels left

rFire   . .          .
                       - Unarmed
rCold   . . .        (no shield)
rNeg    . . .        (body armour currently unavailable)
rPois   +            (no helmet)
rElec   .            u - +0 cloak
rCorr   .            k - +0 pair of gloves
SInv    +            x - +2 barding {Stlth+}
Will    +....        (no amulet)
Stlth   ++           (no ring)
HPRegen 0.31/turn    (no ring)
MPRegen 0.11/turn

%: no passive effects
@: about to teleport, maw-form, very slow
A: devouring maw, reduced essence, AC +3, large, see invisible, deformed body,
poison resistance, slowness 2, spit poison 1, naga tail 1
a: Spit Poison, Begin Untransformation, Renounce Religion, Recall Ancestor,
Ancestor Identity


You were on level 7 of the Dungeon.
You worshipped Hepliaklqana.
Hepliaklqana was aware of your devotion.
You were a creature with a mouth for a stomach.
You visited 2 branches of the dungeon, and saw 8 of its levels.

You collected 423 gold pieces.

Inventory:

Missiles
 j - 3 javelins
 r - 23 poisoned darts
 w - 4 boomerangs
Armour
 k - a +0 pair of gloves (worn)
 u - a +0 cloak (worn)
 x - a +2 barding of stealth (worn)
Talismans
 a - a serpent talisman
 b - a beast talisman
 c - a flux talisman
 y - a maw talisman (active)
Wands
 p - a wand of polymorph (14)
Scrolls
 d - a scroll of torment {unknown}
 e - 3 scrolls of revelation
 h - 2 scrolls of poison
 l - 7 scrolls of teleportation
 m - 5 scrolls of enchant weapon {unknown}
 n - a scroll of vulnerability
 q - 2 scrolls of blinking {unknown}
 s - 2 scrolls of amnesia {unknown}
 t - a scroll of immolation {unknown}
 z - a scroll of acquirement {unknown}
Potions
 g - a potion of cancellation {unknown}
 i - 3 potions of degeneration
 o - a potion of brilliance
 v - a potion of lignification
 B - a potion of magic
 D - a potion of curing


   Skills:
 + Level 4.4 Fighting
 - Level 1.5 Dodging
 + Level 4.4 Unarmed Combat
 - Level 9.0 Shapeshifting


You had 8 spell levels left.
You didn't know any spells.
Your spell library contained the following spells:

 Spells                   Type           Power      Damage    Failure   Level
 Apportation              Tloc           0%         N/A       41%         1
 Ensorcelled Hibernation  Hex/Ice        0%         N/A       54%         2
 Passwall                 Tmut/Erth      0%         N/A       54%         2
 Poisonous Vapours        Pois/Air       0%         N/A       54%         2
 Gell's Gravitas          Tloc           0%         N/A       78%         3
 Mephitic Cloud           Conj/Pois/Air  0%         N/A       78%         3
 Ozocubu's Armour         Ice            0%         N/A       78%         3
 Swiftness                Air            0%         N/A       78%         3
 Teleport Other           Tloc           0%         N/A       78%         3
 Volatile Blastmotes      Fire/Tloc      0%         2d10      78%         3
 Fulminant Prism          Conj/Hex       0%         3d5       99%         4
 Iskenderun's Mystic Bla  Conj/Tloc      0%         2d3       99%         4
 Alistair's Intoxication  Tmut/Pois      0%         N/A       100%        5
 Freezing Cloud           Conj/Ice/Air   0%         6-21      100%        5
 Dispersal                Tloc           0%         N/A       100%        6
 Ozocubu's Refrigeration  Ice            0%         4d7       100%        7


Dungeon Overview and Level Annotations

Branches:
Dungeon (7/15) Zot: 26221  Temple (1/1) D:6 Zot: 5983

Altars:
Ashenzari
Cheibriados
Dithmenos
Fedhas
Gozag
Hepliaklqana
Kikubaaqudgha
Makhleb
Nemelex Xobeh
Okawaru
Qazlal
Ru
Sif Muna
Trog
Uskayaw
Vehumet
Wu Jian
Yredelemnul
Zin
The Shining One

Shops:
D:4 *


Innate Abilities, Weirdness & Mutations

You are a creature with a mouth for a stomach.
Your midsection houses a second, enormous mouth.
Your life essence is reduced to manifest your ancestor. (-10% HP)
Your serpentine skin is tough. (AC +3)
You have supernaturally acute eyesight. (SInv)
Armour fits poorly on your strangely shaped body.
Your system is resistant to poisons. (rPois)
You cover ground very slowly.
You can spit poison.
You have a snake-like lower body.


Message History

The white imp barely misses you.
You closely miss the white imp. You bite the white imp.
The white imp closely misses you.
You punch the white imp!
You kill the white imp!
Unknown command. 2 slime creatures come into view.
You see here a +0 pair of gloves.
There are monsters nearby!
There are monsters nearby!
There are monsters nearby!
Okay, then.
A slime creature comes into view.
The slime creature quivers. 2 slime creatures come into view.
Two slime creatures merge to form a large slime creature.
You punch the large slime creature!
Your bite misses the large slime creature.
The slime creature quivers.
You barely miss the large slime creature.
You bite the large slime creature. The large slime creature hits you!!
You take 27 damage, and have 44/71 hp.
MASSIVE DAMAGE!!
Two slime creatures merge to form a very large slime creature.
Your mind hits the very large slime creature!
The very large slime creature hits Your mind!!!
Your mind is destroyed!
The very large slime creature attacks as you move away!
The very large slime creature hits you!!
* * * LOW HITPOINT WARNING * * *
You take 24 damage, and have 22/71 hp.
MASSIVE DAMAGE!!
Okay, then.
As you read the scroll of teleportation, it crumbles to dust.
You feel strangely unstable.
The very large slime creature hits you!!
* * * LOW HITPOINT WARNING * * *
You take 21 damage, and have 1/71 hp.
MASSIVE DAMAGE!!
The very large slime creature attacks as you move away!
The very large slime creature hits you!!!
Ouch! That really hurt!
You die...

....## #.# ... .##..#
###.########.# .##..#
#.........##.#
.....###.........##.#
####...#.........##.##
........##+###....[J.#
..####..##.# #.......#
...###..##.###..J....#
#...........##..W....# #########
#.###...#...........## #........
#.# ###...#.#############[.......
#.#####'#.#.............'........
#...........###########.#........
######....#.# #.#........
#....#.# #.#........ .......#..
#.#........ .......##.#
#.#########


You could see a very large slime creature and a slime creature.

Vanquished Creatures
  A water moccasin (D:6)
  An orc warrior (D:6)
  An ogre (D:5)
  2 centaurs
  A phantom (D:4)
  A kobold brigand (D:7)
  Blork the orc (D:5)
  A bullfrog (D:7)
  2 scorpions
  4 orc priests
  4 hounds
  4 jellies
  2 iguanas (D:6)
  Natasha (thrice) (D:3)
  5 orc wizards
  6 gnolls
  8 adders
  2 shadow imps (D:7)
  A white imp (D:7)
  12 orcs
  8 bats
  2 endoplasms
  4 giant cockroaches
  8 goblins
  5 hobgoblins
  3 jackals (D:2)
  12 kobolds
  6 quokkas
  8 ball pythons
  4 frilled lizards
  4 rats
126 creatures vanquished.

Vanquished Creatures (collateral kills)
  A kobold brigand (D:7)
  A gnoll bouda (D:7)
  A gnoll (D:7)
  An orc (D:7)
  4 kobolds (D:7)
8 creatures vanquished.

Vanquished Creatures (others)
  An ancestor (D:7)
  An endoplasm (D:4)
2 creatures vanquished.

Grand Total: 136 creatures vanquished

Notes
Turn   | Place    | Note
-------+----------+-------------------------------------------
     0 | D:1      | NinjaNoafa the Naga Shapeshifter began the quest for the
                  | Orb.
     0 | D:1      | Reached XP level 1. HP: 18/18 MP: 1/1
   187 | D:1      | Reached XP level 2. HP: 25/25 MP: 2/2
   807 | D:2      | Reached XP level 3. HP: 14/31 MP: 3/3
   959 | D:2      | Reached skill level 4 in Shapeshifting
  1326 | D:2      | Reached XP level 4. HP: 23/38 MP: 4/4
  1670 | D:3      | Noticed Natasha
  1683 | D:3      | Killed Natasha
  1868 | D:3      | Noticed Natasha
  1882 | D:3      | HP: 2/57 [Natasha/magic dart (9)]
  1883 | D:3      | Reached XP level 5. HP: 3/44 MP: 5/5
  1883 | D:3      | Killed Natasha
  1884 | D:3      | Reached skill level 5 in Shapeshifting
  1999 | D:3      | Noticed Natasha
  2007 | D:3      | Killed Natasha
  2215 | D:3      | Found a faded altar of an unknown god.
  2337 | D:3      | Found a hide-covered altar of Uskayaw.
  2428 | D:3      | Found a shimmering blue altar of Sif Muna.
  2687 | D:4      | Found Logomyn's General Store.
  2742 | D:4      | Identified the +1 rapier of Grace {venom, Will+ SInv}
  2861 | D:4      | Found a stormy altar of Qazlal.
  2929 | D:4      | Found a blossoming altar of Fedhas.
  3171 | D:4      | Noticed a phantom
  3177 | D:4      | Killed a phantom
  3178 | D:4      | Reached skill level 6 in Shapeshifting
  3178 | D:4      | Reached XP level 6. HP: 42/51 MP: 6/6
  3256 | D:4      | Found a faded altar of an unknown god.
  3256 | D:4      | Found a hazy altar of Hepliaklqana.
  3267 | D:4      | Found a faded altar of an unknown god.
  3547 | D:5      | Entered Level 5 of the Dungeon
  3572 | D:5      | Reached XP level 7. HP: 52/57 MP: 7/7
  3596 | D:5      | Found a burning altar of Makhleb.
  3703 | D:5      | Reached skill level 7 in Shapeshifting
  3894 | D:5      | Noticed Blork the orc
  3897 | D:5      | Killed Blork the orc
  4325 | D:5      | Found a snail-covered altar of Cheibriados.
  4704 | D:4      | Became a worshipper of Hepliaklqana the Forgotten
  4814 | D:6      | Reached skill level 8 in Shapeshifting
  4814 | D:6      | Reached XP level 8. HP: 57/64 MP: 8/8
  4933 | D:6      | Found a staircase to the Ecumenical Temple.
  4981 | Temple   | Entered the Ecumenical Temple
  5145 | D:6      | Reached skill level 9 in Shapeshifting
  5318 | D:6      | Found a glowing golden altar of the Shining One.
  5524 | D:6      | Reached * piety under Hepliaklqana
  6150 | D:7      | Reached XP level 9. HP: 54/70 MP: 9/9
  6471 | D:7      | HP: 1/71 [very large slime creature (21)]
  6472 | D:7      | Annihilated by a very large slime creature

Illustrated notes

Levels and vault maps discovered:
D:1:      amcnicky_arrival_underground_garden, layout_loops_ring,
          minmay_misc_feat_doors
D:2:      layout_loops_corners
D:3:      layout_basic, mainiacjoe_overflow_surrounded_room, led_sif_book,
          chequers_ecumenical_altar_grove, uniq_natasha
D:4:      layout_basic, fedhas_altar_1, nicolae_hepliaklqana_ecumenical_no_more,
          grunt_qazlal_clouds, serial_shops, shop, minmay_misc_feat_x,
          chequers_mini_garden
D:5:      layout_basic, mainiacjoe_overflow_alcove_1, makhleb_heckhound_becter,
          uniq_blork_the_orc
D:6:      layout_loops_corners, mainiacjoe_overflow_tiny_flanked,
          temple_fountains
D:7:      layout_basic
Temple:   hellmonk_temple_two_chambers

Skill      XL: |  1  2  3  4  5  6  7  8 |
---------------+-------------------------+-----
Shapeshifting  | 4 6 8 9 |  9.0
Fighting       | 4 |  4.4
Unarmed Combat | 4 |  4.4
Dodging        | |  1.5

Action                     |  1- 3 |  4- 6 |  7- 9 || total
---------------------------+-------+-------+-------++-------
  Melee: Unarmed           |    73 |    77 |   172 ||   322
         Punch             |     4 |       |     2 ||     6
         Rapier            |       |     9 |       ||     9
         Constrict         |       |     3 |     8 ||    11
         Maw               |       |       |    27 ||    27
 Invoke: Ancestor Identity |       |       |     1 ||     1
Ability: Spit Poison       |    14 |    15 |    13 ||    42
    Use: Potion            |       |     4 |       ||     4
         Scroll            |       |       |    10 ||    10
   Stab: Sleeping          |     1 |       |     1 ||     2
 Armour: Animal skin       |    15 |    36 |       ||    51
         Skin              |       |    17 |   101 ||   118
  Dodge: Dodged            |    35 |    83 |    90 ||   208
   Form: Beast             |     3 |     1 |       ||     4
         Anaconda          |     3 |     1 |       ||     4
                           |     2 |     1 |     3 ||     6
         Flux              |     1 |     2 |       ||     3
         Maw               |       |       |     3 ||     3

Table legend: (Time is in decaauts)
 A = Elapsed time spent in this place.
 B = Non-inter-level travel time spent in this place.
 C = Inter-level travel time spent in this place.
 D = Time resting spent in this place.
 E = Time spent auto-exploring this place.
 F = Levels seen in this place.
 G = Mean time per level.
                   A        B        C        D        E       F      G
               +--------+--------+--------+--------+--------+-----+--------+
         Total |   7980 |   7360 |    620 |    727 |   5113 |   8 |  997.5 |
       Dungeon |   7963 |   7347 |    616 |    727 |   5113 |   7 | 1137.6 |
        Temple |     16 |     13 |      3 |      0 |      0 |   1 |   16.0 |
               +--------+--------+--------+--------+--------+-----+--------+

Top non-repeatable levels by time:
     D:3: 1397 daAuts
     D:6: 1396 daAuts
     D:2: 1244 daAuts
     D:5: 1160 daAuts
     D:4: 1094 daAuts
     D:1: 950 daAuts
     D:7: 719 daAuts
  Temple: 16 daAuts
